 Dungeon Crawl Stone Soup version 0.30-a0-802-gb92711bcdf (webtiles) character file.

Game seed: 7995887491780483050

1806 cforsyth the Covert (level 9, -2/56 HPs)
             Began as a Kobold Brigand on Feb 24, 2023.
             Slain by a wyvern (13 damage)
             ... on level 7 of the Dungeon.
             The game lasted 00:13:52 (10537 turns).

cforsyth the Covert (Kobold Brigand)               Turns: 10537, Time: 00:13:53

Health: -2/56      AC: 13    Str:  9    XL:     9   Next: 31%
Magic:  9/9        EV: 13    Int: 12    God:
Gold:   359        SH:  0    Dex: 20    Spells: 8/8 levels left

rFire   + + .      SeeInvis .    a - +2 dagger
rCold   + . .      Faith    .    (no shield)
rNeg    . . .      Spirit   .    q - +4 scale mail of the Big Bang {rElec rF+ Stlth+}
rPois   +          Reflect  .    (no helmet)
rElec   +          Harm     .    c - +0 cloak
rCorr   +          Rampage  .    p - +1 pair of gloves
Will    +....                    (no boots)
Stlth   +++                      (no amulet)
HPRegen 0.29/turn                l - ring of willpower
MPRegen 0.11/turn                (no ring)

@: confused, resistant, ambrosia-drunk, flying
A: small, no large weapons, nightstalker 3
a: no special abilities


You were on level 7 of the Dungeon.
You visited 2 branches of the dungeon, and saw 8 of its levels.

You collected 359 gold pieces.

Inventory:

Hand Weapons
 a - a +2 dagger (weapon)
Missiles
 d - 30 poisoned darts (quivered)
 e - 9 curare-tipped darts
 m - 6 datura-tipped darts
Armour
 c - a +0 cloak (worn)
 h - +0 steam dragon scales
 p - a +1 pair of gloves (worn)
 q - the +4 scale mail of the Big Bang (worn) {rElec rF+ Stlth+}
   (You found it on level 5 of the Dungeon)

   rF:        It protects you from fire.
   rElec:     It insulates you from electricity.
   Stlth:     It makes you more stealthy.
Jewellery
 l - a ring of willpower (left hand)
 o - a ring of protection from cold
 t - a +6 ring of dexterity
 v - an amulet of guardian spirit
Wands
 b - a wand of quicksilver (8)
 x - a wand of mindburst (10)
Scrolls
 g - 2 scrolls of enchant armour
 j - a scroll of vulnerability
Potions
 k - a potion of might
 n - 9 potions of curing
 r - a potion of haste


   Skills:
 + Level 6.6 Fighting
 + Level 8.0 Short Blades
 - Level 2.1 Throwing
 + Level 6.8 Dodging
 + Level 9.7 Stealth


You had 8 spell levels left.
You didn't know any spells.
Your spell library contained the following spells:

 Spells                   Type           Power      Damage    Failure   Level
 Blink                    Tloc           0%         N/A       99%         2
 Lesser Beckoning         Tloc           0%         N/A       99%         2
 Momentum Strike          Conj/Tloc      0%         3d8       99%         2
 Manifold Assault         Tloc           0%         N/A       100%        4
 Olgreb's Toxic Radiance  Pois           0%         N/A       100%        4
 Ozocubu's Refrigeration  Ice            0%         4d7       100%        7
 Storm Form               Tmut/Air       0%         N/A       100%        7
 Ignition                 Fire           0%         3d3       100%        8


Dungeon Overview and Level Annotations

Branches:
Dungeon (7/15)             Temple (1/1) D:5

Altars:
Ashenzari
Dithmenos
Elyvilon
Fedhas
Gozag
Kikubaaqudgha
Makhleb
Nemelex Xobeh
Okawaru
Sif Muna
Trog
Uskayaw
Xom
Zin
The Shining One


Innate Abilities, Weirdness & Mutations

You are small and have problems with some larger weapons.
You are completely attuned to the shadows.


Message History

You are too injured to fight recklessly!
You are too injured to fight recklessly!
You are too injured to fight recklessly!
You are too injured to fight recklessly!
You are too injured to fight recklessly!
You are too injured to fight recklessly!
You are too injured to fight recklessly!
You hit the wyvern.
The wyvern is moderately wounded.
The wyvern bites you.
You hit the wyvern. You punch the wyvern, but do no damage.
The wyvern is moderately wounded.
The wyvern bites you!
* * * LOW HITPOINT WARNING * * *
You hit the wyvern.
The wyvern is heavily wounded.
The wyvern completely misses you.
You hit the wyvern but do no damage.
The wyvern is heavily wounded.
It was a potion of cancellation.
You feel magically purged. The wyvern misses you.
The wyvern hisses menacingly.
The wyvern bites you!
* * * LOW HITPOINT WARNING * * *
It was a potion of ambrosia.
You are confused.
You feel invigorated. The wyvern bites you.
* * * LOW HITPOINT WARNING * * *
The wyvern barely misses you. The wyvern misses you.
You bump into the rock wall.
The wyvern bites you!
* * * LOW HITPOINT WARNING * * *
It was a potion of flight.
You feel very buoyant.
You fly up into the air.
The wyvern bites you but does no damage.
The wyvern barely misses you.
It was a potion of resistance.
You feel protected. The wyvern bites you!
You die...

##...
#... #.
.....
.##. ##
##...
...##.#.
####
#......
#.. #.#
#..
##.#..
##..
#@l.... .
#...
###.#..
..#####..
.# .
>..l.#...
.#
#.....#
###..##
#....#
......#
.......


You could see a wyvern.

Vanquished Creatures
  A steam dragon (D:6)
  A sky beast (D:5)
  3 ice beasts
  A black bear (D:5)
  An ogre (D:4)
  A phantom (D:6)
  A kobold brigand (D:6)
  A gnoll sergeant (D:6)
  3 scorpions
  A necrophage (D:6)
  A howler monkey (D:6)
  A vampire bat (D:5)
  3 hounds
  3 jellies
  An orc priest (D:5)
  2 iguanas
  2 orc wizards
  8 gnolls
  7 adders
  2 shadow imps
  2 white imps
  An ufetubus (D:5)
  3 worms
  3 dart slugs
  18 orcs
  6 bat skeletons (D:5)
  A bat zombie (D:5)
  10 endoplasms
  2 giant cockroaches
  7 goblins
  8 hobgoblins
  9 kobolds
  A quokka (D:4)
  4 ball pythons
  8 bats
  3 frilled lizards (D:3)
  4 rats
134 creatures vanquished.

Notes
Turn   | Place    | Note
-------+----------+-------------------------------------------
     0 | D:1      | cforsyth the Kobold Brigand began the quest for the Orb.
     0 | D:1      | Reached XP level 1. HP: 12/12 MP: 1/1
   198 | D:1      | Reached XP level 2. HP: 18/18 MP: 2/2
   653 | D:1      | Reached XP level 3. HP: 22/22 MP: 3/3
  1104 | D:2      | Reached XP level 4. HP: 27/27 MP: 4/4
  1742 | D:3      | Reached skill level 6 in Stealth
  2771 | D:3      | Found a glowing golden altar of the Shining One.
  2990 | D:3      | HP: 1/28 [orc wizard/+0 dagger (2)]
  2994 | D:3      | Reached XP level 5. HP: 2/32 MP: 5/5
  4434 | D:4      | Noticed an ogre
  4437 | D:4      | Killed an ogre
  4438 | D:4      | Reached XP level 6. HP: 38/38 MP: 6/6
  4623 | D:4      | Reached skill level 5 in Short Blades
  4623 | D:4      | Reached skill level 7 in Stealth
  4742 | D:4      | Found a sparkling altar of Nemelex Xobeh.
  5178 | D:5      | Entered Level 5 of the Dungeon
  5216 | D:5      | Identified the +4 scale mail of the Big Bang {rElec rF+
                  | Stlth+}
  5282 | D:5      | Found a staircase to the Ecumenical Temple.
  5300 | Temple   | Entered the Ecumenical Temple
  5657 | D:5      | Reached XP level 7. HP: 5/43 MP: 7/7
  5989 | D:5      | a swamp drake changed into a wyvern
  5989 | D:5      | Noticed a wyvern
  5991 | D:5      | a wyvern changed into a sky beast
  6151 | D:5      | Reached XP level 8. HP: 48/48 MP: 8/8
  6185 | D:6      | Reached skill level 5 in Fighting
  6185 | D:6      | Reached skill level 5 in Dodging
  6185 | D:6      | Reached skill level 8 in Stealth
  6488 | D:6      | Noticed a yak
  6488 | D:6      | Noticed a yak
  6488 | D:6      | Noticed a yak
  6488 | D:6      | Noticed a yak
  6488 | D:6      | Noticed a yak
  6488 | D:6      | Noticed a yak
  6936 | D:5      | Found an ancient bone altar of Kikubaaqudgha.
  6941 | D:5      | Reached skill level 9 in Stealth
  7648 | D:6      | Reached XP level 9. HP: 55/55 MP: 9/9
  9497 | D:7      | Noticed a two-headed ogre
 10532 | D:7      | HP: 2/56 [wyvern (10)]
 10537 | D:7      | Slain by a wyvern

Illustrated notes

Levels and vault maps discovered:
D:1:      scummos_arrival_simple_fountains, layout_loops_ring,
          amcnicky_mini_pool_small, minmay_octomino_e4
D:2:      layout_basic, hex_medium
D:3:      kennysheep_six_static_rooms, layout_loops_ring, tso_altar
D:4:      layout_basic, nemelex_dance_club_becter, minivault_1
D:5:      layout_basic, kennysheep_vampire_church, minmay_temple_entry_arrows,
          st_stairs_7
D:6:      layout_gridville
D:7:      layout_cave_pools, mainiacjoe_overflow_alcove_1,
          yredelemnul_forgotten_temple_becter
Temple:   nicolae_temple_bog_church

Skill      XL: |  1  2  3  4  5  6  7  8  9 |
---------------+----------------------------+-----
Short Blades   | 3 4 5 6 7 8 |  8.0
Dodging        | 2 3 4 6 |  6.8
Fighting       | 3 4 6 |  6.6
Stealth        | 6 7 9 |  9.7
Throwing       | |  2.1

Action                     |  1- 3 |  4- 6 |  7- 9 || total
---------------------------+-------+-------+-------++-------
  Melee: Dagger            |    52 |   211 |   375 ||   638
         Punch             |       |     2 |     8 ||    10
  Evoke: Wand              |       |       |     5 ||     5
    Use: Potion            |       |     2 |     4 ||     6
         Scroll            |       |     4 |     8 ||    12
   Stab: Sleeping          |    13 |    24 |    16 ||    53
 Armour: Robe              |     4 |    36 |     2 ||    42
         Steam dragon scal |       |       |    34 ||    34
         Scale mail        |       |       |    58 ||    58
  Dodge: Dodged            |    28 |   119 |   255 ||   402

Table legend: (Time is in decaauts)
 A = Elapsed time spent in this place.
 B = Non-inter-level travel time spent in this place.
 C = Inter-level travel time spent in this place.
 D = Time resting spent in this place.
 E = Time spent auto-exploring this place.
 F = Levels seen in this place.
 G = Mean time per level.
                   A        B        C        D        E       F      G
               +--------+--------+--------+--------+--------+-----+--------+
         Total |  10372 |   9873 |    499 |   3204 |   5338 |   8 | 1296.5 |
       Dungeon |  10052 |   9575 |    477 |   3204 |   5054 |   7 | 1436.0 |
        Temple |    320 |    298 |     22 |      0 |    284 |   1 |  320.0 |
               +--------+--------+--------+--------+--------+-----+--------+

Top non-repeatable levels by time:
     D:6: 2764 daAuts
     D:2: 2176 daAuts
     D:5: 1695 daAuts
     D:3: 1383 daAuts
     D:4: 890 daAuts
     D:1: 724 daAuts
     D:7: 417 daAuts
  Temple: 320 daAuts
